 Dungeon Crawl Stone Soup version 0.21-a0-207-g4a9efaf (webtiles) character file.

121 tehllama the Insei (level 5, -4/34 HPs)
             Began as an Octopode Transmuter on Aug 21, 2017.
             Killed by nerve-wracking pain
             ... invoked by Grinder
              (6 damage)
             ... on level 3 of the Dungeon.
             The game lasted 00:03:33 (2322 turns).

tehllama the Insei (Octopode Transmuter)            Turns: 2322, Time: 00:03:35

Health: -4/34      AC:  1    Str:  8 (10) XL:     5   Next: 5%
Magic:  0/8        EV: 13    Int: 13 (15) God:
Gold:   141        SH:  0    Dex: 10 (13) Spells: 7/8 levels left

rFire    . . .     SeeInvis +     - Unarmed
rCold    . . .     Gourm    .   (no shield)
rNeg     . . .     Faith    .   (helmet restricted)
rPois    .         Spirit   +   k - amulet of guardian spirit
rElec    .         Reflect  .   i - ring of see invisible
rCorr    .         Harm     .   (no ring)
MR       .....                  (no ring)
Stlth    +++.......             (no ring)
HPRegen  0.11/turn              (no ring)
MPRegen  0.11/turn              (no ring)
                                (no ring)
                                (no ring)

@: no status effects
A: almost no armour, stealthy swim, amphibious, 8 rings, constrict 8, camouflage
1, gelatinous body 1
a: no special abilities


You were on level 3 of the Dungeon.
You were hungry.

You visited 1 branch of the dungeon, and saw 3 of its levels.

You collected 141 gold pieces.

Inventory:

Missiles
 a - 12 arrows
Jewellery
 i - a ring of see invisible (left tentacle)
 k - an amulet of guardian spirit (around mantle)
Scrolls
 f - 3 scrolls of remove curse {unknown}
 g - a scroll of noise {unknown}
 h - a scroll of immolation {unknown}
 j - a scroll of random uselessness {unknown}
 l - a scroll of identify {unknown}
Potions
 d - a potion of heal wounds {unknown}
 e - a potion of degeneration
Books
 b - a book of Changes

   Spells                             Type                      Level
   a - Beastly Appendage              Transmutation                1
   b - Sticks to Snakes               Transmutation                2
   c - Spider Form                    Transmutation/Poison         3
   d - Ice Form                       Ice/Transmutation            4
   e - Blade Hands                    Transmutation                5
Comestibles
 c - 4 bread rations


   Skills:
 + Level 2.1 Fighting
 - Level 2.0 Dodging
 + Level 2.0 Stealth
 * Level 4.8 Unarmed Combat
 - Level 2.0 Spellcasting
 - Level 2.0 Transmutations


You had 7 spell levels left.
You knew the following spells:

 Your Spells              Type           Power        Failure   Level  Hunger
a - Beastly Appendage     Tmut           #.....       11%         1    ##.....


Dungeon Overview and Level Annotations

Branches:
Dungeon (3/15)

Altars:
Hepliaklqana
Trog
Vehumet
Xom

Annotations:
D:3 Grinder


Innate Abilities, Weirdness & Mutations

You cannot wear most types of armour.
You are very stealthy in the water. (Stealth+)
You are amphibious.
You can wear up to eight rings at the same time.
You can use your tentacles to constrict eight enemies at once.
Your skin changes colour to match your surroundings (Stealth+).
Your rubbery body absorbs attacks. (AC +1, EV +1)


Message History

You constrict Grinder, but do no damage.
Grinder hits you!
You writhe in agony.
You tentacle-slap Grinder. Your squeeze misses Grinder.
Grinder is moderately wounded.
You constrict Grinder. Grinder hits you.
You writhe in agony.
You are too injured to fight recklessly!
You tentacle-slap Grinder. You squeeze Grinder.
Grinder is heavily wounded.
You constrict Grinder, but do no damage.
Grinder hits you!
* * * LOW HITPOINT WARNING * * *
You writhe in agony.
* * * LOW HITPOINT WARNING * * *
It was a potion of degeneration.
There was something very wrong with that liquid.
You feel weakened.
You feel dopey.
You feel clumsy.
You constrict Grinder. Grinder gestures at you. Pain shoots through your body!
You die...

.# #.# ## #.# .. #.# .#
#.##.## # ####.#...#.#
###.##..........#
#....5@.........#
........##......########
##.#.#####.#.......).)..
# #.##.#.####.... #.#
#.# #.### #.#####.####.#
#.# #............# #.#
#######.###..####.#
..).....).(.......#


You could see Grinder.

Vanquished Creatures
  Natasha (twice) (D:2)
  2 adders (D:2)
  2 worms (D:2)
  A dart slug (D:1)
  2 leopard geckos (D:1)
  2 giant cockroaches (D:3)
  7 hobgoblins
  A quokka (D:2)
  A ball python (D:3)
  5 bats
  2 frilled lizards (D:1)
  6 goblins
  A jackal skeleton (D:1)
  6 kobolds
  8 rats
48 creatures vanquished.

Vanquished Creatures (others)
  A giant cockroach (D:2)
1 creature vanquished.

Grand Total: 49 creatures vanquished

Notes
Turn   | Place    | Note
-------+----------+-------------------------------------------
     0 | D:1      | tehllama the Octopode Transmuter began the quest for the Orb.
     0 | D:1      | Reached XP level 1. HP: 13/13 MP: 3/3
   300 | D:1      | Reached XP level 2. HP: 18/18 MP: 5/5
   717 | D:1      | Reached skill level 4 in Unarmed Combat
  1000 | D:1      | Reached XP level 3. HP: 23/23 MP: 6/6
  1143 | D:2      | Found a radiant altar of Vehumet.
  1229 | D:2      | Found a bloodstained altar of Trog.
  1611 | D:2      | Noticed Natasha
  1618 | D:2      | Killed Natasha
  1618 | D:2      | Reached skill level 1 in Stealth
  1618 | D:2      | Reached XP level 4. HP: 29/29 MP: 7/7
  1927 | D:2      | Noticed Natasha
  1932 | D:2      | Killed Natasha
  2067 | D:2      | Found a hazy altar of Hepliaklqana.
  2068 | D:2      | Found a shimmering altar of Xom.
  2068 | D:2      | Noticed a tentacled monstrosity
  2069 | D:2      | Noticed a tentacled monstrosity
  2069 | D:2      | Noticed a spectral ugly thing
  2278 | D:3      | Reached XP level 5. HP: 32/34 MP: 8/8
  2311 | D:3      | Noticed Grinder
  2321 | D:3      | HP: 1/34 [Grinder (5)]
  2322 | D:3      | Killed from afar by Grinder

Vault maps used:
D:1:      shiori_arrival_maze
D:2:      regret_index_temple_of_mockery, fiery_altar_vehumet,
          minmay_misc_feat_tiny, hangedman_glass_teeth, bloody_trog,
          uniq_natasha
D:3:      uniq_terence, uniq_grinder

Skill      XL: |  1  2  3  4 |
---------------+-------------+-----
Unarmed Combat | 4 |  4.8
Stealth        | 1 2 |  2.0
Fighting       | 2 |  2.1
Dodging        | |  2.0
Spellcasting   | |  2.0
Transmutations | |  2.0

Action                   |  1- 3 |  4- 6 || total
-------------------------+-------+-------++-------
Melee: Unarmed           |    64 |    36 ||   100
       Constrict         |    19 |     8 ||    27
       Kick              |     6 |     2 ||     8
       Tentacles         |     9 |     3 ||    12
       Punch             |     2 |     1 ||     3
 Cast: Beastly Appendage |    12 |     5 ||    17
  Use: Potion            |       |     1 ||     1
 Stab: Sleeping          |     6 |     2 ||     8
  Eat: Chunk             |     2 |     2 ||     4
Armor: Skin              |     2 |     3 ||     5
Dodge: Dodged            |    34 |    24 ||    58
